 Dungeon Crawl Stone Soup version 0.17-a0-1625-g47e540b (webtiles) character file.

0 Gorice the Cutter (level 1, -1/16 HPs)
             Began as a Vampire Wanderer on Aug 2, 2015.
             Slain by a hobgoblin
             ... wielding a +0 club
              (7 damage)
             ... on level 1 of the Dungeon.
             The game lasted 00:00:54 (49 turns).

Gorice the Cutter (Vampire Wanderer)                  Turns: 49, Time: 00:00:54

Health: -1/16      AC:  2    Str: 12    XL:     1   Next: 8%
Magic:  2/2        EV: 12    Int: 13    God:
Gold:   0          SH:  0    Dex: 13    Spells: 0 memorised, 0 levels left

rFire  . . .     SeeInvis +     e - +0 dagger
rCold  . . .     Clarity  .     d - +0 robe
rNeg   + . .     SustAt   .     (no shield)
rPois  .         Gourm    .     (no helmet)
rElec  .         Spirit   .     (no cloak)
rCorr  .         Warding  .     (no gloves)
rMut   .         Stasis   .     (no boots)
MR     .....                    (no amulet)
Stlth  ++........               (no ring)
                                (no ring)

@: not resistant to hostile enchantments, unstealthy
A: fangs 3, see invisible, unbreathing
a: no special abilities


You were on level 1 of the Dungeon.
You were not thirsty.

You visited 1 branch of the dungeon, and saw 1 of its levels.

Inventory:

Hand weapons
 e - a +0 dagger (weapon)
Missiles
 Z - 16 stones (quivered)
Armour
 d - a +0 robe (worn)
Magical devices
 a - a wand of enslavement (15)
Scrolls
 b - a scroll of teleportation {!r}
 g - a scroll of recharging {unknown}
Potions
 c - a potion of lignification {!q}
 f - a potion of blood


   Skills:
 - Level 1.7 Fighting
 * Level 2.2 Short Blades
   Level 1.0 Staves
 - Level 2.1 Dodging
 + Level 1.5 Stealth
 - Level 1.7 Evocations


You couldn't memorise any spells.
You didn't know any spells.

Dungeon Overview and Level Annotations

Branches:
Dungeon (1/15)

Altars:


Innate Abilities, Weirdness & Mutations

You have razor-sharp teeth.
You have supernaturally acute eyesight.
You can survive without breathing.


Message History

Found 14 arrows.
g - a scroll labeled YNEINW OWKAN A goblin comes into view.
It is wielding a dagger.
You see here 14 arrows.
You are undead.
At your current hunger state you resist negative energy.
Your movement speed is average.
Your attack speed is above average.
You are not resistant to hostile enchantments.
You feel unstealthy.
The goblin shouts!
You hear a shout!
You barely miss the goblin. Your bite misses the goblin.
The goblin hits you with a dagger.
Damage: 2 (max 2)
You completely miss the goblin. You completely miss the goblin.
The goblin hits you but does no damage.
You barely miss the goblin. The goblin hits you but does no damage.
You hit the goblin. You bite the goblin.
You kill the goblin!
No target in view!
A hobgoblin comes into view. It is wielding a club.
You hit the hobgoblin.
The hobgoblin is lightly wounded.
The hobgoblin completely misses you.
You hit the hobgoblin but do no damage.
You bite the hobgoblin, but do no damage.
The hobgoblin is lightly wounded.
The hobgoblin hits you with a club.
Damage: 4 (max 4)
You hit the hobgoblin.
The hobgoblin is heavily wounded.
You hit the hobgoblin but do no damage.
The hobgoblin is heavily wounded.
The hobgoblin hits you but does no damage.
You hit the hobgoblin.
The hobgoblin is severely wounded.
The hobgoblin barely misses you.
You barely miss the hobgoblin.
The hobgoblin is severely wounded.
The hobgoblin hits you with a club.
Damage: 1 (max 4)
You hit the hobgoblin but do no damage. Your bite misses the hobgoblin.
The hobgoblin is severely wounded.
The hobgoblin hits you with a club.
Damage: 3 (max 4)
You barely miss the hobgoblin.
The hobgoblin is severely wounded.
You barely miss the hobgoblin. You bite the hobgoblin.
The hobgoblin is almost dead.
The hobgoblin hits you with a club!
You die...

# #... #.#.# ##. ... #
#.#.# #... ..# .#
###.#.# . #...##.##.#
#.....# #.#.........
#.#.#.# .......)..#
#####.#...# #.... #..#
#.....###.#
#.....##..####.....###.#
......g@...(...........#
##.#.###..####.....###.#
.....# #.....# #.#
......## ###.### #.#
##..... .#.# #.# #.....
# #.. #.# #...... #.##.#
#...... .##.. ###


You could see a hobgoblin.

Vanquished Creatures
  A goblin (D:1)
1 creature vanquished.

Notes
Turn   | Place    | Note
--------------------------------------------------------------
     0 | D:1      | Gorice the Vampire Wanderer began the quest for the Orb.
     0 | D:1      | Gorice set off with: a wand of enslavement (15), a scroll of teleportation {!r}, a potion of lignification {!q}, a +0 robe, a +0 dagger, a potion of blood
     0 | D:1      | Reached XP level 1. HP: 16/16 MP: 2/2
    49 | D:1      | Slain by a hobgoblin

Vault maps used:
D:1:      evilmike_arrival_run_for_it

Action                   || total
-------------------------++-------
Melee: Dagger            ||    14

Table legend:
 A = Turns spent in this place as a percentage of turns spent in the entire game.
 B = Non-inter-level travel turns spent in this place as a percentage of non-inter-level travel turns spent in the entire game.
 C = Inter-level travel turns spent in this place as a percentage of turns spent in this place.
 D = Turns resting spent in this place as a percentage of non-inter-level travel turns spent in this place.
 E = Turns spent auto-exploring this place as a percentage of non-inter-level travel turns spent in this place.
 F = Non-inter-level travel turns spent in this place divided by the number of levels of this place that you've seen.
                   A       B       C       D       E      F
               +-------+-------+-------+-------+-------+----------------------
         Total | 100.0 | 100.0 |   0.0 |   0.0 |   2.8 |  36.0
       Dungeon | 100.0 | 100.0 |   0.0 |   0.0 |   2.8 |  36.0
               +-------+-------+-------+-------+-------+----------------------

Vault maps used:
D:1:      evilmike_arrival_run_for_it
